 Dungeon Crawl Stone Soup version 0.28-a0-751-gef3a642a4e (webtiles) character file.

Game seed: 11608534860374899154

222482 pokeman the Archmage (level 18, -7/105 HPs)
             Began as a Deep Elf Hedge Wizard on Oct 30, 2021.
             Was the Champion of Vehumet.
             Mangled by Mara (10 damage)
             ... on level 4 of the Snake Pit.
             The game lasted 02:52:33 (41153 turns).

pokeman the Archmage (Deep Elf Hedge Wizard)       Turns: 41153, Time: 02:52:33

Health: -7/105     AC: 24    Str:  7    XL:     18   Next: 53%
Magic:  3/51       EV: 10    Int: 28    God:    Vehumet [******]
Gold:   6112       SH:  5    Dex:  9    Spells: 21/71 levels left

rFire   + + +      SeeInvis +   R - staff of conjuration
rCold   x . .      Faith    .   F - +1 buckler {AC+3}
rNeg    . . .      Spirit   .   N - +0 swamp dragon scales
rPois   +          Reflect  .   b - +2 helmet "Zihun" {rF++ Regen+ Dex-5 SInv}
rElec   .          Harm     .   a - +0 cloak {Will+}
rCorr   .          Rampage  +   l - +2 pair of gloves {Stlth+}
Will    ++...                   Z - +2 pair of boots {rampage}
Stlth   ++........              G - amulet of magic regeneration
HPRegen 1.27/turn               z - ring of poison resistance
MPRegen 0.57/turn               M - ring of fire

@: no status effects
A: no striking features
}: 1/15 runes: decaying
a: Renounce Religion


You were on level 4 of the Snake Pit.
You worshipped Vehumet.
Vehumet was exalted by your worship.
You visited 6 branches of the dungeon, and saw 32 of its levels.
You also visited: Ossuary, Bailey, Gauntlet, Ice Cave and Volcano.

You collected 6395 gold pieces.
You spent 283 gold pieces at shops.

Inventory:

Hand Weapons
 x - a +0 shortbow of venom
Missiles
 g - 864 arrows
Armour
 a - a +0 cloak of willpower (worn)
 b - the +2 helmet "Zihun" (worn) {rF++ Regen+ Dex-5 SInv}
   (You found it on level 4 of the Dungeon)

   Dex:       It affects your dexterity (-5).
   rF:        It greatly protects you from fire.
   SInv:      It lets you see invisible.
   Regen:     It increases your rate of health regeneration.
 c - a +0 kite shield of reflection
 l - a +2 pair of gloves of stealth (worn)
 F - a +1 buckler of protection (worn)
 N - +0 swamp dragon scales (worn)
 Z - a +2 pair of boots of rampaging (worn)
Magical Staves
 R - a staff of conjuration (weapon)
Jewellery
 o - a ring of see invisible
 z - a ring of poison resistance (left hand)
 B - a ring of wizardry
 G - an amulet of magic regeneration (around neck)
 M - a ring of fire (right hand)
 V - a ring of flight
Wands
 d - a wand of iceblast (20)
 i - a wand of polymorph (2)
 k - a wand of mindburst (11)
 p - a wand of digging (2)
 s - a wand of charming (12)
 u - a wand of paralysis (7)
Scrolls
 e - 2 scrolls of summoning
 n - 21 scrolls of teleportation
 t - 16 scrolls of identify
 v - a scroll of amnesia
 w - a scroll of enchant weapon
 D - 2 scrolls of blinking
 I - 5 scrolls of magic mapping
Potions
 f - 14 potions of curing
 h - 4 potions of magic
 m - a potion of brilliance
 q - 6 potions of haste
 r - 5 potions of heal wounds
Miscellaneous
 j - a phantom mirror
 Q - a piece from Xom's chessboard (15/15)
 X - a box of beasts
 Y - a lightning rod (4/4)


   Skills:
 + Level 9.0 Fighting
 - Level 9.0 Armour
 - Level 3.3 Dodging
 - Level 3.0 Stealth
 - Level 4.0 Shields
 O Level 27 Spellcasting
 * Level 17.2 Conjurations
 - Level 1.1 Summonings
 - Level 1.1 Translocations
 + Level 16.7 Fire Magic
 - Level 1.0 Ice Magic
 - Level 1.2 Air Magic
 - Level 1.0 Earth Magic
 - Level 1.2 Poison Magic
 - Level 1.0 Evocations


You had 21 spell levels left.
You knew the following spells:

 Your Spells              Type           Power      Damage    Failure   Level
a - Magic Dart            Conj           100%       1d8       0%          1
b - Mephitic Cloud        Conj/Pois/Air  84%        N/A       1%          3
c - Call Imp              Summ           43%        N/A       1%          2
d - Blink                 Tloc           86%        N/A       1%          2
e - Conjure Flame         Conj/Fire      100%       6-21      0%          3
f - Fireball              Conj/Fire      70%        3d26      1%          5
g - Freezing Cloud        Conj/Ice/Air   42%        6-21      1%          5
h - Starburst             Conj/Fire      70%        6d18      1%          6
i - Swiftness             Air            44%        N/A       3%          3
j - Iron Shot             Conj/Erth      46%        9d9       1%          6
k - Lee's Rapid Deconstr  Erth           21%        3d13*     10%         5
l - Fire Storm            Conj/Fire      70%        8d18      41%         9

Your spell library contained the following spells:

 Spells                   Type           Power      Damage    Failure   Level
 Chain Lightning          Conj/Air       46%        3d62      100%        9
 Shatter                  Erth           21%        3d19*     100%        9
 Scorch                   Fire           100%       2d10      0%          2
 Flame Wave               Conj/Fire      100%       3d16      0%          4
 Sticky Flame             Conj/Fire      100%       2d11      0%          4
 Slow                     Hex            100%       N/A       1%          1
 Sting                    Tmut/Pois      100%       1d8       1%          1
 Poisonous Vapours        Pois/Air       88%        N/A       1%          2
 Dazzling Flash           Conj/Hex       100%       N/A       1%          3
 Frozen Ramparts          Ice            86%        1d10      1%          3
 Ignite Poison            Fire/Tmut/Pois 82%        N/A       1%          3
 Fulminant Prism          Conj/Hex       45%        3d21      1%          4
 Hailstorm                Conj/Ice       93%        3d18      1%          4
 Iskenderun's Mystic Bla  Conj/Tloc      93%        2d18      1%          4
 Irradiate                Conj/Tmut      45%        3d28      1%          5
 Iskenderun's Battlesphe  Conj           100%       2d15      1%          5
 Corpse Rot               Necr/Air       82%        N/A       2%          2
 Ensorcelled Hibernation  Hex/Ice        80%        N/A       2%          2
 Passwall                 Tmut/Erth      33%        N/A       2%          2
 Lesser Beckoning         Tloc           43%        N/A       3%          3
 Olgreb's Toxic Radiance  Pois           44%        N/A       3%          4
 Ignition                 Fire           57%        3d16      3%          8
 Tukima's Dance           Hex            37%        N/A       5%          3
 Spellforged Servitor     Conj/Summ      46%        N/A       11%         7
 Passage of Golubria      Tloc           43%        N/A       12%         4
 Summon Ice Beast         Ice/Summ       43%        N/A       12%         4
 Ice Form                 Ice/Tmut       40%        N/A       16%         4
 Leda's Liquefaction      Hex/Erth       20%        N/A       16%         4
 Petrify                  Tmut/Erth      40%        N/A       16%         4
 Cause Fear               Hex            18%        N/A       19%         4
 Dispel Undead            Necr           37%        3d15      19%         4
 Manifold Assault         Tloc           43%        N/A       32%         5
 Metabolic Englaciation   Hex/Ice        20%        N/A       38%         5
 Silence                  Hex/Air        20%        N/A       38%         5
 Blade Hands              Tmut           18%        N/A       45%         5
 Lehudib's Crystal Spear  Conj/Erth      46%        10d11     56%         8
 Ozocubu's Refrigeration  Ice            21%        4d9       92%         7
 Simulacrum               Ice/Necr       20%        N/A       93%         6
 Statue Form              Tmut/Erth      26%        N/A       93%         6
 Death Channel            Necr           18%        N/A       96%         6
 Invisibility             Hex            18%        N/A       96%         6
 Dragon Form              Tmut           18%        N/A       100%        7
 Discord                  Hex            18%        N/A       100%        8
 Polar Vortex             Ice            21%        N/A       100%        9


Dungeon Overview and Level Annotations

Branches:
Dungeon (15/15) Temple (1/1) D:6 Lair (6/6) D:8 Swamp (4/4) Lair:2 Snake (4/4) Lair:3 Slime (0/5) Lair:6 Orc (2/2) D:10 Elf (0/3) Orc:2 Vaults (0/5) D:12 D:13 Depths (0/4) D:15 Ossuary (visited) Bailey (visited) IceCv (visited) Volcano (visited) Gauntlet (visited)

Altars:
Ashenzari
Cheibriados
Dithmenos
Elyvilon
Gozag
Hepliaklqana
Makhleb
Okawaru
Qazlal
Ru
Sif Muna
Trog
Vehumet
Wu Jian
Xom
Zin
The Shining One
Jiyva

Shops:
D:4 :   D:8 *   Orc:2 *=(   Snake:3 ((!(

Portals:
Hell: Lair:6
Trove: D:13 (give +4 demon blade)

Annotations:
Swamp:2 3 runed translucent doors, jasper's ghost, adept DsAr
Snake:3 3 runed translucent doors, exclusion: obsidian statue, porpoise's ghost, adept DECj
Snake:4 Mara


Message History

Mara is heavily wounded.
You feel sick. Mara hits you but does no damage.
Casting: Iron Shot (dangerous; 1% risk of failure)
Confirm with . or Enter, or press ? or * to list all spells.
Aiming: Iron Shot (dangerous; 1% risk of failure)
Press: ? - help, Shift-Dir - straight line, f/p - Mara
Aim: Mara, wielding a +4 demon trident of freezing and wearing a +2 robe (heavily wounded, unusually resistant, 66% to hit)
You feel a surge of power!
The iron shot hits Mara!!!
Mara is severely wounded.
You feel sick.
Mara hits you from afar with a +4 demon trident of freezing!!
Mara freezes you!
* * * LOW HITPOINT WARNING * * *
Casting: Iron Shot (dangerous; 1% risk of failure)
Confirm with . or Enter, or press ? or * to list all spells.
Aiming: Iron Shot (dangerous; 1% risk of failure)
Press: ? - help, Shift-Dir - straight line, f/p - Mara
Aim: Mara, wielding a +4 demon trident of freezing and wearing a +2 robe (severely wounded, unusually resistant, 66% to hit)
You feel a surge of power!
The iron shot hits Mara!!!
Mara is almost dead.
You feel sick. Mara gestures at you. The bolt of fire misses you.
You hear a sizzling sound!
Casting: Iron Shot (dangerous; 1% risk of failure)
Confirm with . or Enter, or press ? or * to list all spells.
You don't have enough magic to cast this spell.
Unknown command.
Aiming: Iceblast
Press: ? - help, Shift-Dir - straight line, f/p - Mara
Aim: Mara, wielding a +4 demon trident of freezing and wearing a +2 robe (almost dead, unusually resistant)
The mass of ice explodes!
The iceblast engulfs Mara.
Mara partially resists.
Mara is almost dead.
You feel sick.
You are no longer poisoned.
You hear an angry hiss.
You hear a shout! x3
Mara hits you from afar with a +4 demon trident of freezing!!
* * * LOW HITPOINT WARNING * * *
Mara freezes you!
You die...

#####.## ##. ..#...###.
#. #..
......##.##.####..
...... #.....##...
#...# #.....##... ##
##8.####....##... ##§§
##.....##8...##..#
#.§.§#............#.))#
+§8§§)@.R⌠........#...#
#§§§§#...........##).##
##.§ ##.....##8.......#
## ##8.#####..###.).
#...#####..# ##[#
......#.....####.#
.......####..##....
..#...## #..##.##. ####
#..##.##.


You could see Mara (resistant).

Vanquished Creatures
  Jorgrun (D:12)
  Mlioglotl (Snake:1)
  Rupert (D:13)
  A thorn hunter (Swamp:4)
  Roxanne (Swamp:2)
  Agnes (D:14)
  A fenstrider witch (Swamp:2)
  2 nagarajas
  Donald (Lair:3)
  A frost giant (IceCv)
  Louise (Swamp:3)
  Aizul (Snake:1)
  3 ghouls (Swamp:3)
  Nessos (D:13)
  6 bunyips
  2 dire elephants
  A minotaur (Gauntlet)
  Snorg (D:12)
  6 eleionomae
  A fire dragon (Volcano)
  Josephine (Orc:2)
  16 naga warriors
  A salamander tyrant (Snake:2)
  3 boulder beetles
  A hell beast (Lair:6)
  24 hydras
  A spriggan air mage (Swamp:3)
  An ogre mage (Orc:1)
  8 centaur warriors
  6 ghost crabs
  6 anacondas
  14 death yaks
  11 two-headed ogres
  A death knight (D:9)
  A tengu warrior (D:8)
  6 alligators
  5 orc high priests (Orc:2)
  9 naga sharpshooters
  6 shock serpents
  Sonja (Orc:1)
  3 fire crabs
  2 salamander mystics (Snake:2)
  A skeletal warrior (D:15)
  A flayed ghost (D:15)
  3 goliath frogs (Swamp:1)
  3 spriggan druids
  A golden dragon zombie (D:15)
  2 wizards
  8 swamp dragons (Swamp:4)
  4 bog bodies
  6 naga ritualists
  An orb spider (shapeshifter) (D:13)
  A necromancer (D:15)
  Pikel (D:7)
  A shadow dragon zombie (D:15)
  12 ugly things
  7 orc knights
  3 lindwurms (Swamp:4)
  11 mana vipers
  2 will-o-the-wisps (Swamp:1)
  2 orc sorcerers
  6 cyclopes
  11 salamanders
  A moth of wrath (Swamp:1)
  4 manticores
  18 elephants
  A smoke demon (Lair:6)
  7 guardian serpents
  32 black mambas
  An ice statue (IceCv)
  3 torpor snails
  Joseph (D:7)
  A frost giant skeleton (D:15)
  2 gargoyles
  8 cane toads
  23 naga magi
  3 orange demons (Lair:6)
  Maggie (D:7)
  An unseen horror (D:12)
  The ghost of Leeroy the Ruffian, a novice DrTm of Sif Muna (D:3)
  Psyche (D:12)
  A guardian mummy (D:15)
  5 kobold demonologists
  3 efreet (D:15)
  6 rime drakes
  11 komodo dragons
  3 ice devils (Lair:6)
  A tengu conjurer (D:8)
  10 polar bears
  4 hornets
  10 trolls
  3 bloated husks
  3 meliai (D:15)
  11 tyrant leeches
  4 blink frogs
  4 dream sheep (Lair:4)
  17 slime creatures
  A spriggan zombie (D:15)
  A centaur simulacrum (D:10)
  51 yaks
  11 wyverns
  A water elemental (D:11)
  5 wraiths
  Sigmund (D:2)
  16 humans
  3 spriggans
  4 fire elementals (Lair:5)
  5 fire bats
  2 basilisks
  Grum (D:10)
  2 steam dragons (Volcano)
  10 vampire mosquitoes
  20 swamp worms
  45 nagas
  An acid dragon (D:13)
  A warg (Orc:1)
  12 water moccasins
  Duvessa (D:7)
  4 hell hounds
  37 orc warriors
  A sky beast (D:5)
  11 swamp drakes
  6 black bears
  2 necrophages
  29 wolves
  11 ogres
  8 centaurs
  2 lemures (D:7)
  The ghost of Maken the Digger, an amateur OpEE (D:3)
  7 kobold brigands
  The ghost of pokeman the Magician, an amateur DEWz (D:3)
  Blork the orc (D:6)
  2 elf zombies (Ossuary)
  11 bullfrogs
  A gnoll sergeant (D:9)
  7 scorpions
  A wyvern zombie (D:7)
  Dowan (D:7)
  A water moccasin skeleton (D:5)
  7 killer bees (D:9)
  The ghost of lawman0 the Grasshopper, a weakling BaWr (D:3)
  6 electric eels
  5 howler monkeys
  6 centaur zombies
  21 orc priests
  4 human zombies (Ossuary)
  A jelly (D:4)
  A hound (D:5)
  A bullfrog skeleton (D:5)
  A centaur skeleton (D:5)
  3 iguanas
  20 orc wizards
  Terence (D:1)
  5 hell rats (Lair:5)
  A mummy (Ossuary)
  Robin (D:2)
  2 gnolls (Bailey)
  4 adders
  15 white imps
  2 adder zombies (Ossuary)
  2 adder skeletons (D:4)
  3 worms
  2 dart slugs (D:3)
  62 orcs
  7 ball pythons
  4 bats
  2 endoplasms (D:3)
  6 giant cockroaches
  25 goblins
  12 hobgoblins
  2 jackals (D:2)
  32 kobolds
  4 quokkas
  5 frilled lizards
  A goblin zombie (Ossuary)
  10 hobgoblin zombies (Ossuary)
  A jackal zombie (Ossuary)
  4 kobold zombies (Ossuary)
  11 orc zombies (Ossuary)
  4 rats
  A rat zombie (Ossuary)
1100 creatures vanquished.

Vanquished Creatures (collateral kills)
  A black bear (Lair:1)
  A mummy (Ossuary)
2 creatures vanquished.

Vanquished Creatures (others)
  A steam dragon (Volcano)
  A demonic plant (Gauntlet)
  59 fungi
  191 plants
  6 withered plants
258 creatures vanquished.

Grand Total: 1360 creatures vanquished

Notes
Turn   | Place    | Note
-------+----------+-------------------------------------------
     0 | D:1      | pokeman the Deep Elf Hedge Wizard began the quest for the
                  | Orb.
     0 | D:1      | Reached XP level 1. HP: 10/10 MP: 7/7
   211 | D:1      | Found a faded altar of an unknown god.
   616 | D:1      | Reached XP level 2. HP: 15/15 MP: 5/9
  1553 | D:2      | Reached skill level 5 in Spellcasting
  1593 | D:2      | Noticed Robin
  1609 | D:2      | Reached XP level 3. HP: 6/20 MP: 7/11
  2046 | D:2      | Noticed Terence
  2049 | D:2      | Killed Robin
  2050 | D:2      | Reached skill level 1 in Armour
  2069 | D:2      | Reached skill level 1 in Fighting
  2157 | D:1      | Learned a level 3 spell: Mephitic Cloud
  2160 | D:1      | Learned a level 2 spell: Call Imp
  2163 | D:1      | Learned a level 2 spell: Blink
  2168 | D:1      | Learned a level 3 spell: Conjure Flame
  2631 | D:1      | Killed Terence
  2632 | D:1      | Reached XP level 4. HP: 11/25 MP: 4/13
  2979 | D:2      | Noticed Sigmund
  3248 | D:2      | Killed Sigmund
  3249 | D:2      | Reached skill level 6 in Spellcasting
  3249 | D:2      | Reached XP level 5. HP: 16/30 MP: 8/15
  4409 | D:3      | Found a runed translucent gate.
  4409 | D:3      | Found a runed translucent gate.
  4409 | D:3      | Found a runed translucent gate.
  4410 | D:3      | Noticed Maken's ghost (amateur OpEE)
  4411 | D:3      | Noticed pokeman's ghost (amateur DEWz)
  4411 | D:3      | Noticed Leeroy's ghost (novice DrTm)
  4411 | D:3      | Noticed lawman0's ghost (weakling BaWr)
  4756 | D:3      | Reached XP level 6. HP: 35/35 MP: 12/17
  5325 | D:4      | Reached skill level 7 in Spellcasting
  5325 | D:4      | Reached skill level 1 in Fire Magic
  5787 | D:4      | Reached skill level 1 in Air Magic
  5787 | D:4      | Reached skill level 1 in Poison Magic
  5787 | D:4      | Reached XP level 7. HP: 40/40 MP: 5/20
  5877 | D:4      | Identified the +2 helmet "Zihun" {rF++ Regen+ Dex-5 SInv}
  6062 | D:4      | Found a glowing silver altar of Zin.
  6431 | D:4      | Found Ydyfus's Book Shoppe.
  6552 | D:4      | Reached skill level 8 in Spellcasting
  6944 | D:4      | Noticed a two-headed ogre
  6966 | D:4      | Killed a two-headed ogre
  6967 | D:4      | Reached skill level 9 in Spellcasting
  6967 | D:4      | Reached skill level 5 in Conjurations
  6967 | D:4      | Reached XP level 8. HP: 44/44 MP: 2/23
  7139 | D:5      | Entered Level 5 of the Dungeon
  7270 | D:5      | Reached skill level 1 in Shields
  7270 | D:5      | Reached skill level 10 in Spellcasting
  7278 | D:5      | Reached XP level 9. HP: 46/48 MP: 17/25
  7282 | D:5      | Reached skill level 11 in Spellcasting
  7494 | D:5      | Reached skill level 5 in Fire Magic
  8117 | D:6      | Found a staircase to the Ecumenical Temple.
  8130 | Temple   | Entered the Ecumenical Temple
  8141 | Temple   | Became a worshipper of Vehumet
  8176 | D:6      | Found a sand-covered staircase.
  8182 | Ossuary  | Entered an ossuary
  8284 | Ossuary  | Reached * piety under Vehumet
  8284 | Ossuary  | Offered knowledge of Sandblast by Vehumet.
  8562 | D:6      | Noticed Blork the orc
  8576 | D:6      | Reached skill level 12 in Spellcasting
  8577 | D:6      | Killed Blork the orc
  9110 | D:7      | Identified the +0 pair of boots "Pozef" {Will- Str+5}
  9142 | D:7      | Offered knowledge of Scorch by Vehumet.
  9144 | D:7      | Reached XP level 10. HP: 47/53 MP: 24/28
  9203 | D:7      | Reached ** piety under Vehumet
  9320 | D:7      | Noticed Joseph
  9329 | D:7      | Killed Joseph
  9448 | D:7      | Noticed Maggie
  9462 | D:7      | Killed Maggie
  9463 | D:7      | Reached skill level 13 in Spellcasting
  9555 | D:7      | Noticed Pikel
  9573 | D:7      | Killed Pikel
  9598 | D:7      | Found a white marble altar of Elyvilon.
  9601 | D:7      | Found a bloodstained altar of Trog.
  9609 | D:7      | Noticed Duvessa
  9614 | D:7      | Noticed Dowan
  9625 | D:7      | Killed Duvessa
  9631 | D:7      | Killed Dowan
 10090 | D:8      | Noticed a two-headed ogre
 10090 | D:8      | Found Immooluu's General Store.
 10395 | D:8      | Found a staircase to the Lair.
 10528 | D:8      | Noticed a tengu warrior
 10554 | D:8      | Killed a tengu warrior
 10555 | D:8      | Reached skill level 14 in Spellcasting
 10967 | D:9      | Noticed a two-headed ogre
 10979 | D:9      | Killed a two-headed ogre
 11038 | D:9      | Reached XP level 11. HP: 59/59 MP: 28/31
 11108 | D:9      | Offered knowledge of Inner Flame by Vehumet.
 11231 | D:9      | Reached *** piety under Vehumet
 11400 | D:9      | Offered knowledge of Frozen Ramparts by Vehumet.
 11505 | D:9      | Found an iron altar of Okawaru.
 11530 | D:9      | Paralysed by a hornet for 3 turns
 11566 | D:9      | Noticed a two-headed ogre
 11688 | D:9      | Noticed a centaur warrior
 11711 | D:9      | Killed a two-headed ogre
 11712 | D:9      | Reached skill level 15 in Spellcasting
 11717 | D:9      | Killed a centaur warrior
 11933 | D:9      | Noticed a boulder beetle
 12235 | D:9      | Noticed a boulder beetle
 12254 | D:9      | Killed a two-headed ogre
 12724 | Lair:1   | Entered Level 1 of the Lair of Beasts
 12968 | D:8      | Reached skill level 16 in Spellcasting
 13276 | Lair:1   | Reached **** piety under Vehumet
 13429 | Lair:1   | Reached XP level 12. HP: 66/66 MP: 27/34
 13502 | Lair:1   | Noticed a six-headed hydra
 13518 | Lair:1   | Killed a six-headed hydra
 13900 | Lair:2   | Identified a scroll of acquirement
 13980 | Lair:2   | Offered knowledge of Iskenderun's Mystic Blast by Vehumet.
 14023 | Lair:2   | Found a frozen archway.
 14032 | IceCv    | Entered an ice cave
 14065 | IceCv    | Reached skill level 10 in Conjurations
 14078 | IceCv    | Reached skill level 1 in Evocations
 14297 | IceCv    | Noticed a death yak
 14323 | IceCv    | Killed a death yak
 14350 | IceCv    | Reached skill level 17 in Spellcasting
 14369 | IceCv    | Learned a level 6 spell: Iron Shot
 14609 | IceCv    | Reached skill level 1 in Earth Magic
 14822 | IceCv    | Acquired 1288 gold pieces
 14860 | IceCv    | Noticed a death yak
 14861 | IceCv    | Noticed a death yak
 14873 | IceCv    | Killed a death yak
 14943 | IceCv    | Killed a death yak
 14944 | IceCv    | Reached skill level 5 in Armour
 15068 | IceCv    | Reached skill level 10 in Fire Magic
 15093 | IceCv    | Reached ***** piety under Vehumet
 15194 | IceCv    | Noticed a death yak
 15194 | IceCv    | Noticed a frost giant
 15194 | IceCv    | Noticed a death yak
 15208 | IceCv    | Killed a frost giant
 15208 | IceCv    | Offered knowledge of Eringya's Noxious Bog by Vehumet.
 15233 | IceCv    | Killed a death yak
 15234 | IceCv    | Reached skill level 18 in Spellcasting
 15256 | IceCv    | Killed a death yak
 15511 | IceCv    | Learned a level 5 spell: Freezing Cloud
 15900 | Lair:2   | Found a staircase to the Swamp.
 16173 | Lair:2   | Reached XP level 13. HP: 72/72 MP: 34/37
 16670 | Lair:3   | Reached skill level 1 in Ice Magic
 16811 | Lair:3   | Found the necklace of Bloodlust {*Rage Will++ Int-3 Slay+6}
 17064 | Lair:3   | Reached skill level 5 in Fighting
 17255 | Lair:3   | Found a staircase to the Snake Pit.
 17257 | Lair:3   | Identified the +1 robe of Exceptional Life {*Corrode rN+
                  | Regen+ Str+6}
 17824 | Lair:4   | Reached skill level 19 in Spellcasting
 18059 | Lair:4   | Got the Papyrus of Dusty Enchantment
 18517 | Lair:5   | Found a transporter.
 18846 | Lair:5   | Learned a level 6 spell: Starburst
 18894 | Lair:5   | Identified the +1 pair of gloves "Zusynlan" {rN+ Will-
                  | rCorr}
 19031 | Lair:5   | Found a transporter.
 19071 | Lair:5   | Acquired a +2 pair of gloves of stealth
 20113 | Lair:6   | Entered Level 6 of the Lair of Beasts
 20210 | Lair:6   | Found a dark tunnel.
 20217 | Volcano  | Entered a volcano
 20227 | Volcano  | Reached skill level 20 in Spellcasting
 20295 | Volcano  | Reached XP level 14. HP: 80/80 MP: 36/40
 20800 | Volcano  | Identified the -1 hat of Buosic {+Inv}
 20982 | Volcano  | Offered knowledge of Yara's Violent Unravelling by Vehumet.
 21315 | Lair:6   | Identified the +0 chain mail of Biomoxol {rF+}
 22192 | Lair:6   | Found a burning altar of Makhleb.
 22227 | Lair:6   | Reached skill level 21 in Spellcasting
 22384 | Lair:6   | Found a viscous altar of Jiyva.
 22384 | Lair:6   | Found a staircase to the Slime Pits.
 22536 | Lair:6   | Found a gateway to Hell.
 23023 | D:3      | Killed lawman0's ghost
 23023 | D:3      | Killed Maken's ghost
 23023 | D:3      | Killed pokeman's ghost
 23024 | D:3      | Killed Leeroy's ghost
 23523 | D:9      | Learned a level 3 spell: Swiftness
 23606 | D:9      | Got the Handbook of Flames
 23810 | D:9      | Acquired 891 gold pieces
 24305 | D:8      | Bought a potion of heal wounds for 65 gold pieces
 24305 | D:8      | Bought a scroll of magic mapping for 45 gold pieces
 24305 | D:8      | Bought 2 scrolls of identify for 52 gold pieces
 24341 | D:10     | Entered Level 10 of the Dungeon
 24374 | D:10     | Offered knowledge of Fireball by Vehumet.
 24378 | D:10     | Noticed Grum
 24381 | D:10     | Learned a level 5 spell: Fireball
 24386 | D:10     | Killed Grum
 24536 | D:10     | Found a snail-covered altar of Cheibriados.
 24731 | D:10     | Found a broken altar of Ashenzari.
 24731 | D:10     | Found a glowing golden altar of the Shining One.
 24732 | D:10     | Found a shimmering altar of Xom.
 24732 | D:10     | Found a shimmering blue altar of Sif Muna.
 24734 | D:10     | Found a staircase to the Orcish Mines.
 25260 | D:11     | Acquired the +9 staff of Wucad Mu {*channel}
 25260 | D:11     | Found the +9 staff of Wucad Mu {*channel}
 25456 | D:11     | Reached XP level 15. HP: 88/88 MP: 28/42
 25720 | D:12     | Noticed Psyche
 25723 | D:12     | Killed Psyche
 25807 | D:12     | Noticed Jorgrun
 25814 | D:12     | Killed Jorgrun
 25885 | D:12     | Noticed Snorg
 25891 | D:12     | Killed Snorg
 25892 | D:12     | Reached skill level 22 in Spellcasting
 26231 | D:12     | Identified the +1 robe of Blue Skies {+Blink rF+ Will+
                  | Dex-5}
 26325 | D:13     | Noticed Rupert
 26325 | D:13     | Noticed Nessos
 26325 | D:13     | Found a gate to the Vaults.
 26406 | D:13     | Found a gate leading to a gauntlet.
 26412 | Gauntlet | Entered a Gauntlet
 26412 | Gauntlet | Found a transporter.
 26412 | Gauntlet | Found a runed translucent door.
 26412 | Gauntlet | Found a runed translucent door.
 26428 | Gauntlet | Found a transporter.
 26430 | Gauntlet | Found a transporter.
 26443 | Gauntlet | Found a transporter.
 26444 | Gauntlet | Found a transporter.
 26453 | Gauntlet | Found a transporter.
 26469 | Gauntlet | Found a transporter.
 26479 | Gauntlet | Found a transporter.
 26483 | Gauntlet | Found a transporter.
 26486 | Gauntlet | Found a transporter.
 26486 | Gauntlet | Found a runed translucent door.
 26516 | Gauntlet | Found a transporter.
 26530 | Gauntlet | Found a transporter.
 26544 | Gauntlet | Found a transporter.
 26549 | Gauntlet | Found a transporter.
 26707 | Gauntlet | Identified the amulet of Immorality {Faith Str+6 Int+2}
 26951 | D:13     | Offered knowledge of Conjure Ball Lightning by Vehumet.
 27479 | D:13     | Killed Nessos
 27485 | D:13     | Paralysed by Rupert for 5 turns
 27490 | D:13     | Killed Rupert
 27820 | D:13     | Found a hazy altar of Hepliaklqana.
 27867 | D:13     | Found a portal to a secret trove of treasure.
 28270 | D:14     | Found a flagged portal.
 28283 | D:14     | Noticed Agnes
 28285 | Bailey   | Entered a bailey
 28489 | D:14     | Killed Agnes
 29229 | D:15     | Entered Level 15 of the Dungeon
 29234 | D:15     | Reached skill level 23 in Spellcasting
 29506 | D:15     | Found a staircase to the Depths.
 29593 | D:15     | Identified the +1 robe "Gabb" {Contam Drain rPois Dex+4}
 29596 | D:15     | Offered knowledge of Lightning Bolt by Vehumet.
 29859 | D:15     | Reached XP level 16. HP: 93/93 MP: 35/45
 30097 | Orc:1    | Entered Level 1 of the Orcish Mines
 30105 | Orc:1    | Noticed Sonja
 30107 | Orc:1    | Killed Sonja
 30747 | Orc:2    | Entered Level 2 of the Orcish Mines
 30819 | Orc:2    | Found a staircase to the Elven Halls.
 30924 | Orc:2    | Noticed Josephine
 30928 | Orc:2    | Killed Josephine
 31081 | Orc:2    | Offered knowledge of Irradiate by Vehumet.
 31743 | Orc:2    | Found Reqanisuvid's Jewellery Emporium.
 31743 | Orc:2    | Found Tuhirron's Antique Weapon Emporium.
 31744 | Orc:2    | Found Raob's Assorted Antiques.
 31744 | Orc:2    | Found Xaigiar's Weapon Shoppe.
 32368 | Swamp:1  | Entered Level 1 of the Swamp
 32402 | Swamp:1  | Reached skill level 24 in Spellcasting
 32657 | Swamp:1  | Reached skill level 15 in Conjurations
 32863 | Swamp:1  | Offered knowledge of Maxwell's Capacitive Coupling by
                  | Vehumet.
 33130 | Swamp:2  | Noticed Roxanne
 33678 | Swamp:2  | Identified the +1 halberd "Dityuchekhuo" {pain, Will+}
 33740 | Swamp:2  | Found a runed translucent gate.
 33740 | Swamp:2  | Found a runed translucent gate.
 33741 | Swamp:2  | Found a runed translucent gate.
 33794 | Swamp:2  | Found the ring of the Octopus King
 33795 | Swamp:2  | Noticed jasper's ghost (adept DsAr)
 33979 | Swamp:2  | Learned a level 5 spell: Lee's Rapid Deconstruction
 33988 | Swamp:2  | Killed Roxanne
 34182 | Swamp:3  | Reached skill level 15 in Fire Magic
 34366 | Swamp:3  | Noticed Louise
 34409 | Swamp:3  | Killed Louise
 34410 | Swamp:3  | Reached XP level 17. HP: 97/97 MP: 25/47
 34501 | Swamp:3  | Reached skill level 25 in Spellcasting
 34742 | Swamp:4  | Entered Level 4 of the Swamp
 35596 | Swamp:4  | Got a decaying rune of Zot
 36092 | Temple   | Acquired a +0 cloak of willpower
 36276 | Snake:1  | Entered Level 1 of the Snake Pit
 36311 | Snake:1  | Noticed Donald
 36315 | Snake:1  | Noticed Mlioglotl
 36328 | Snake:1  | Killed Mlioglotl
 36376 | Lair:3   | Killed Donald
 36432 | Snake:1  | Noticed Aizul
 36441 | Snake:1  | Killed Aizul
 37003 | Snake:1  | Reached skill level 26 in Spellcasting
 37086 | Snake:1  | Reached ****** piety under Vehumet
 37455 | Snake:2  | Offered knowledge of Fire Storm by Vehumet.
 37455 | Snake:2  | Offered knowledge of Shatter by Vehumet.
 37455 | Snake:2  | Offered knowledge of Chain Lightning by Vehumet.
 37466 | Snake:2  | Learned a level 9 spell: Fire Storm
 38200 | Snake:2  | Reached XP level 18. HP: 83/103 MP: 41/50
 39703 | Snake:3  | Found a runed translucent gate.
 39704 | Snake:3  | Found a runed translucent gate.
 39704 | Snake:3  | Found an opulent altar of Gozag.
 39705 | Snake:3  | Found a runed translucent gate.
 39705 | Snake:3  | Noticed porpoise's ghost (adept DECj)
 39845 | Snake:3  | Found Toczihues's Distillery.
 39846 | Snake:3  | Found Pauppeog's Weapon Shoppe.
 39846 | Snake:3  | Found Fevur's Antique Weapon Shoppe.
 39846 | Snake:3  | Found Deysigel's Antique Weapon Shoppe.
 39850 | Snake:3  | Bought a potion of heal wounds for 55 gold pieces
 39850 | Snake:3  | Bought a potion of curing for 33 gold pieces
 39850 | Snake:3  | Bought a potion of curing for 33 gold pieces
 40277 | Snake:4  | Entered Level 4 of the Snake Pit
 40433 | Snake:4  | Reached skill level 27 in Spellcasting
 41142 | Snake:4  | Noticed Mara
 41147 | Snake:4  | Noticed pokeman's illusion
 41153 | Snake:4  | HP: 3/105 [Mara (19)]
 41153 | Snake:4  | Mangled by Mara

Illustrated notes

Levels and vault maps discovered:
D:1:      nagdon_arrival_double_spiral, layout_basic,
          ebering_ecumenical_altar_mist, minmay_misc_feat_rugged
D:2:      layout_basic, eino_curves_02, uniq_terence, uniq_robin, uniq_sigmund
D:3:      layout_basic, gammafunk_ghost_cemetery, minmay_cupped
D:4:      layout_loops_corners, amcnicky_altar_gilded, serial_shops, shop,
          minmay_misc_feat_doors, minmay_unequal
D:5:      layout_basic
D:6:      layout_rooms, minmay_temple_entry_statues_pillars, enter_ossuary_2,
          uniq_blork_the_orc
D:7:      layout_basic, mainiacjoe_overflow_catwalk_spiral, minivault_5,
          uniq_joseph, uniq_duvessa, uniq_pikel, uniq_maggie
D:8:      layout_loops_ring, due_lair_maze_entry_diamond, serial_shops,
          nicolae_take_the_stairs
D:9:      hangedman_cross_cluster, layout_loops_ring, okawaru_metal_pillars_1_2
D:10:     layout_roguey, mainiacjoe_overflow_tiny_flanked,
          chequers_temple_overflow_statue_of_worship, orc_0_dummy, uniq_grum
D:11:     layout_irregular_city, serial_bayou, serial_bayou_pond_d,
          serial_bayou_shore_a, serial_bayou_pond_e, serial_bayou_lagoon_b
D:12:     layout_rooms, uniq_snorg, uniq_jorgrun, uniq_psyche
D:13:     layout_irregular_city, david_vaults_3, nicolae_trove_entry_crystal,
          gauntlet_entry_generic, amethyst_killhole,
          chequers_serial_rivers_micro_c, nzn_hepliaklqana_mist_gate
D:14:     layout_loops_ring, minivault_4, enter_bailey_5, uniq_agnes
D:15:     gammafunk_depths_entry_grave, layout_rooms, nrook_pool_corridor
Temple:   dshaligram_water_room_temple
Lair:1:   layout_misc_corridors, serial_bayou_ford_a,
          chequers_serial_rivers_micro_a
Lair:2:   layout_roguey, minmay_swamp_entry_eels, portal_ice_cave_entry_imps,
          serial_bayou_pond_b
Lair:3:   layout_cave_pods, dummy_snake_entry
Lair:4:   layout_regular_city, serial_bayou_lagoon_a
Lair:5:   gammafunk_cloud_chamber, layout_regular_city
Lair:6:   evil_forest, layout_small_grid, dpeg_slime_entry_enclosed_altar,
          enter_volcano_2, lemuel_fruit_tree
Swamp:1:  layout_basic_swamp, nicolae_swamp_big_swirl, swamp_pool1, worms_lemuel
Swamp:2:  layout_basic_swamp, gammafunk_ghost_necromancy,
          evilmike_swamp_ruin_house_3, infiniplex_staircase_pool_2, uniq_roxanne
Swamp:3:  layout_basic_swamp, evilmike_swamp_ruin_house_6, swamp_pool5,
          uniq_louise
Swamp:4:  swamp_alternative, layout_basic_swamp
Snake:1:  layout_rooms, grunt_megastairs_1, uniq_donald, uniq_mlioglotl,
          uniq_aizul
Snake:2:  layout_chambers, nicolae_snake_magic_snake_eye
Snake:3:  layout_onion_interference, ebering_ghost_gozag,
          hangedman_snake_thin_pillar_pass, nicolae_snake_double_loop,
          minmay_shop_grid_forest
Snake:4:  hellmonk_snake_rune_quicksilver_temple, layout_gridlike,
          serial_curves, eino_curves_04, eino_curves_04, st_stairs_11,
          minmay_shop_grove, uniq_mara
Orc:1:    layout_diamond_mine, uniq_sonja
Orc:2:    st_orc_pillars, layout_caves, uniq_josephine

Skill      XL: |  1  2  3  4  5  6  7  8  9 10 11 12 13 14 15 16 17 18 |
---------------+-------------------------------------------------------+-----
Spellcasting   | 5 6 7 9 10 12 14 16 18 20 21 23 24 26 27 | 27.0
Armour         | 1 2 3 4 5 6 7 9 |  9.0
Conjurations   | 2 3 5 7 8 9 11 12 13 14 15 16 17 | 17.2
Fighting       | 1 2 4 6 7 8 9 |  9.0
Dodging        | 3 |  3.3
Fire Magic     | 1 3 4 6 7 9 10 11 12 14 15 16 | 16.7
Stealth        | 3 |  3.0
Air Magic      | 1 |  1.2
Poison Magic   | 1 |  1.2
Shields        | 1 3 4 |  4.0
Evocations     | 1 |  1.0
Earth Magic    | 1 |  1.0
Ice Magic      | 1 |  1.0
Summonings     | |  1.1
Translocations | |  1.1

Action                   |  1- 3 |  4- 6 |  7- 9 | 10-12 | 13-15 | 16-18 || total
-------------------------+-------+-------+-------+-------+-------+-------++-------
Melee: Whip              |     8 |       |       |       |       |       ||     8
       Dagger            |    18 |    26 |    41 |       |       |       ||    85
       Short sword       |       |       |    79 |   298 |    17 |       ||   394
       Staff             |       |       |       |       |    83 |    30 ||   113
 Cast: Magic Dart        |    70 |   122 |   135 |   224 |    95 |     9 ||   655
       Mephitic Cloud    |     2 |     5 |     9 |    93 |    21 |     4 ||   134
       Conjure Flame     |     1 |     4 |    30 |   124 |     7 |       ||   166
       Call Imp          |       |     1 |     2 |    16 |     4 |       ||    23
       Blink             |       |       |       |    14 |     4 |     2 ||    20
       Iron Shot         |       |       |       |    13 |    87 |    23 ||   123
       Freezing Cloud    |       |       |       |     2 |   109 |    17 ||   128
       Starburst         |       |       |       |       |    62 |    42 ||   104
       Fireball          |       |       |       |       |   150 |   481 ||   631
       Lee's Rapid Decon |       |       |       |       |       |    11 ||    11
Evoke: Wand              |       |       |       |       |       |     1 ||     1
  Use: Scroll            |       |       |       |    15 |    18 |     3 ||    36
 Stab: Sleeping          |     2 |       |       |       |       |       ||     2
       Confused          |       |     2 |     5 |    23 |     1 |       ||    31
       Distracted        |       |       |       |       |     1 |       ||     1
Armor: Robe              |    11 |     3 |       |       |       |       ||    14
       Leather armour    |       |     7 |    51 |    59 |     5 |       ||   122
       Acid dragon scale |       |       |       |    99 |   138 |    20 ||   257
       Swamp dragon scal |       |       |       |       |       |    35 ||    35
Dodge: Dodged            |    40 |    28 |    77 |   199 |   112 |    45 ||   501
Block: Buckler           |       |       |       |    75 |    68 |    19 ||   162

Table legend: (Time is in decaauts)
 A = Elapsed time spent in this place.
 B = Non-inter-level travel time spent in this place.
 C = Inter-level travel time spent in this place.
 D = Time resting spent in this place.
 E = Time spent auto-exploring this place.
 F = Levels seen in this place.
 G = Mean time per level.
                   A        B        C        D        E       F      G
               +--------+--------+--------+--------+--------+-----+--------+
         Total |  41364 |  37934 |   3430 |   5312 |  24379 |  37 | 1117.9 |
       Dungeon |  19749 |  17738 |   2011 |   2362 |  11804 |  15 | 1316.6 |
        Temple |    166 |    156 |     10 |      0 |      0 |   1 |  166.0 |
          Lair |   6917 |   6238 |    679 |    392 |   4594 |   6 | 1152.8 |
         Swamp |   3597 |   3375 |    222 |    705 |   2173 |   4 |  899.2 |
     Snake Pit |   4799 |   4562 |    237 |    468 |   3473 |   4 | 1199.8 |
  Orcish Mines |   2174 |   1906 |    268 |    149 |   1330 |   2 | 1087.0 |
       Ossuary |    375 |    375 |      0 |      0 |    164 |   1 |  375.0 |
        Bailey |    199 |    199 |      0 |     17 |     16 |   1 |  199.0 |
      Ice Cave |   1861 |   1861 |      0 |    676 |    453 |   1 | 1861.0 |
       Volcano |   1067 |   1067 |      0 |    543 |    228 |   1 | 1067.0 |
      Gauntlet |    455 |    455 |      0 |      0 |    143 |   1 |  455.0 |
               +--------+--------+--------+--------+--------+-----+--------+

Top non-repeatable levels by time:
     D:9: 2443 daAuts
     D:1: 2403 daAuts
     D:4: 1972 daAuts
 Snake:2: 1862 daAuts
   IceCv: 1861 daAuts
     D:8: 1831 daAuts
     D:3: 1627 daAuts
  Lair:6: 1526 daAuts
   Orc:2: 1503 daAuts
     D:7: 1418 daAuts
     D:2: 1410 daAuts
  Lair:5: 1356 daAuts
  Lair:3: 1319 daAuts
 Snake:3: 1183 daAuts
 Swamp:4: 1129 daAuts
